 Dungeon Crawl Stone Soup version 0.7.1-16-gde135da character file.

420 scummos the Ducker (level 6, -6/56 HPs)
             Began as a Troll Berserker on Aug 11, 2010.
             Was a Priest of Trog.
             Mangled by an orc warrior
             ... wielding a +0,+1 orcish great mace
              (31 damage)
             ... on Level 7 of the Dungeon.
             The game lasted 00:20:11 (1897 turns).

scummos the Ducker (Troll Berserker)                Turns: 1897, Time: 00:20:11

HP  -6/56        AC  5     Str 28 Exp: 6/522 (22), need: 257
MP   2/2         EV 10     Int  3      God: Trog [***...]
Gold 55          SH  0     Dex  9      Spells:  0 memorised,  5 levels left

Res.Fire  : . . .   See Invis. : .   u - -1,+1 orc hand axe
Res.Cold  : . . .   Warding    : .   v - +0 orc robe
Life Prot.: . . .   Conserve   : .   (shield restricted)
Res.Poison: .       Res.Corr.  : .   (helmet restricted)
Res.Elec. : .       Clarity    : .   (no cloak) Spirit.Shd: . Stasis : .
                                     (gloves unavailable)
Sust.Abil.: . .     Rnd.Telep. : .   (boots unavailable)
Res.Mut.  : .       Ctrl.Telep.: .   (no amulet)
Res.Rott. : .       Levitation : .   (no ring)
Gourmand  : +       Ctrl.Flight: .   (no ring)

@: exhausted, very slow, slowed, slightly resistant to hostile enchantments,
very unstealthy
A: unfitting armour, claws 3, fast metabolism 3, gourmand, regeneration 2,
saprovore 2, tough skin 2, AC +1
a: Burn Spellbooks, Berserk, Trog's Hand, Renounce Religion


You were on level 7 of the Dungeon.
You worshipped Trog.
Trog was greatly pleased with you.
You were full.

You visited 1 branch of the dungeon, and saw 7 of its levels.

You collected 35 gold pieces.

Inventory:

Hand weapons
 i - a +0,+2 dagger (quivered)
 l - a +1,+0 spear of venom
 p - a +0,+1 orcish dagger
 u - a -1,+1 orcish hand axe (weapon)
 w - a +0,+1 orcish hand axe
 x - a -1,+1 orcish hand axe
Armour
 b - a +0 animal skin
 k - a +0 robe
 v - a +0 orcish robe (worn)
Comestibles
 n - a bread ration
 y - an apricot
Scrolls
 e - 2 scrolls of paper
 h - a scroll of detect curse {unknown}
 j - a scroll of noise {unknown}
 m - a scroll of fog {unknown}
 o - 2 scrolls of identify {unknown}
 r - a scroll of teleportation
Potions
 c - a potion of agility {unknown}
 d - 4 potions of heal wounds
 f - a potion of berserk rage {unknown}
 g - a potion of confusion {unknown}
 q - a potion of speed {unknown}
 s - a potion of brilliance {unknown}
 t - a potion of restore abilities {unknown} You had 22 experience left.


   Skills:
 + Level 3 Fighting
 + Level 2 Axes
 + Level 2 Polearms
 + Level 4 Dodging
 + Level 3 Unarmed Combat


You had 5 spell levels left.
You didn't know any spells.

Dungeon Overview and Level Annotations

Branches:
Dungeon (7/27)
 Temple: D:4-7          Orc: D:6-11

Altars:
Trog


Innate Abilities, Weirdness & Mutations

You are too large for most types of armour.
You have claws for hands.
Your metabolism is lightning-fast.
You like to eat raw meat.
You heal very quickly.
You can eat rotten meat.
You are covered in fur (AC +1).
You have very tough skin (AC +2).


Message History

u - an uncursed glowing orcish hand axe (weapon)
The orc warrior picks up a glowing orcish hand axe.
You hit the orc warrior.
The orc warrior is lightly wounded.
The orc warrior hits you with a glowing orcish great mace!
Ouch! That really hurt!
You die...

..... ...#.# #..#.#
#..#.### #..#... .
#..#.####.# # #..o.......
#.##.###.o#........
...........@........
...........#...##.##
...........#...##.
##.######)#..... ###
#)#...##.#
.....######.#...##.# #
.........................
.....##.###...............
..........................


You could see an orc warrior.

Vanquished Creatures
  An ogre (D:4)
  A giant frog (D:7)
  A hound (D:3)
  An orc wizard (D:4)
  A scorpion (D:4)
  2 orc priests
  A snake (D:4)
  2 worms
  7 giant bats
  3 giant cockroaches
  6 hobgoblins
  5 jackals
  9 kobolds
  2 orcs
  A quokka (D:3)
  A small snake (D:4)
  2 giant newts (D:1)
  6 goblins
  A kobold skeleton (D:4)
  8 rats
61 creatures vanquished.

Notes
Turn   | Place    | Note
--------------------------------------------------------------
     0 | D:1      | scummos, the Troll Berserker, began the quest for the Orb.
     0 | D:1      | Reached XP level 1. HP: 18/18 MP: 0/0
   374 | D:1      | Reached XP level 2. HP: 25/25 MP: 0/0
   712 | D:2      | Acquired Trog's second power
   938 | D:3      | Reached XP level 3. HP: 30/33 MP: 1/1
   962 | D:4      | Reached XP level 4. HP: 30/40 MP: 1/1
  1038 | D:4      | Reached skill 1 in Polearms
  1039 | D:4      | Reached XP level 5. HP: 48/48 MP: 1/1
  1074 | D:5      | Entered Level 5 of the Dungeon
  1222 | D:3      | Found a bloodstained altar of Trog.
  1786 | D:7      | Reached skill 1 in Axes
  1792 | D:7      | Reached skill 4 in Dodging
  1816 | D:7      | Reached XP level 6. HP: 36/56 MP: 2/2
  1897 | D:7      | Mangled by an orc warrior
